AoeStats
← Clueless Clown

Nomad

504524931Analyzed
3v3 RM · 26d ago on Sep 5, 2026· 31m 49s· 6 players
Game mode
Random Map
Map size
210×210
Population
200
Speed
Normal
Resources
Standard
Victory
Conquest
Starting age
Dark Age
Ending age
Imperial Age
RankedLock teamsTeams togetherTeam positionsShared explorationLock speedFull tech treeHidden civsTurbo modeCheats
Victory
Defeat
🇨🇳 Celts · China
1102
+12
🇭🇰 Mongols · Hong Kong SAR China
1000
+48
🇨🇳 Spanish · China
988
+16
🇲🇽 Tupi · Mexico
1019
-15
🇺🇸 Malay · United States
1010
-15
🇫🇷 Mongols · France
989
-14
M4PUCH3
12:09 Loom
15:17 Feudal Age
16:15 Double-Bit Axe
22:57 Castle Age
21:49 Horse Collar
22:09 Fishing Lines
22:47 Gold Mining
23:11 Bloodlines
23:15 Forging
23:13 Scale Barding Armor
24:15 Bow Saw
26:40 Wheelbarrow
27:16 Stone Mining
27:28 Heavy Plow
28:16 Gillnets
31:10 Husbandry
Clueless Clown
8:04 Loom
14:28 Feudal Age
18:45 Castle Age
17:03 Stone Mining
17:01 Fishing Lines
19:40 Forging
20:31 Double-Bit Axe
21:09 Fletching
24:36 Iron Casting
24:01 Treadmill Crane
24:55 Bodkin Arrow
25:44 Ballistics
Mr.Scavenger
6:42 Loom
18:40 Feudal Age
21:04 Double-Bit Axe
23:19 Wheelbarrow
26:06 Castle Age
28:55 Fletching
kk
5:24 Loom
15:40 Feudal Age
20:45 Castle Age
20:01 Bloodlines
20:00 Double-Bit Axe
20:26 Horse Collar
22:09 Wheelbarrow
31:52 Husbandry
ZBE_Demon
12:44 Loom
15:07 Feudal Age
20:31 Castle Age
18:55 Fishing Lines
24:55 Stone Mining
32:21 Wheelbarrow
31:51 Gillnets
lakiki
8:38 Loom
14:04 Feudal Age
18:32 Castle Age
17:49 Bloodlines
17:48 Scale Barding Armor
17:36 Double-Bit Axe
17:40 Horse Collar
18:36 Bloodlines
21:06 Bow Saw
21:58 Wheelbarrow
27:54 Husbandry
29:12 Chain Barding Armor
29:03 Forging
31:24 Hand Cart
Connection lost

Rejoining the realm…

Still unreachable

The connection could not be restored.

Session expired

The server has moved on; the page needs a fresh start.